 Dungeon Crawl Stone Soup version 0.19.5 (webtiles) character file.

19 tilp the Ruffian (level 2, -1/25 HPs)
             Began as a Naga Transmuter on Mar 1, 2017.
             Slain by a worm (6 damage)
             ... on level 2 of the Dungeon.
             The game lasted 00:05:44 (1061 turns).

tilp the Ruffian (Naga Transmuter)                  Turns: 1061, Time: 00:05:45

Health: -1/25      AC:  1    Str: 12    XL:     2   Next: 75%
Magic:  2/5        EV: 10    Int: 13    God:
Gold:   69         SH:  0    Dex: 11    Spells: 1 memorised, 4 levels left

rFire  . . .     SeeInvis +     k - +1 dagger (venom)
rCold  . . .     Gourm    .     b - +0 robe
rNeg   . . .     Faith    .     (no shield)
rPois  +         Spirit   .     (no helmet)
rElec  .         Reflect  .     (no cloak)
rCorr  .         Harm     .     (no gloves)
MR     .....                    (no barding)
Stlth  +.........               (no amulet)
                                (no ring)
                                (no ring)

@: appendage, very slightly contaminated, very slow
A: horns 2, see invisible, deformed body, poison resistance, slowness 2, slow
metabolism 1, spit poison 1, AC +0
a: Spit Poison, End Transformation


You were on level 2 of the Dungeon.
You were not hungry.
You had grown temporary horns.
You visited 1 branch of the dungeon, and saw 2 of its levels.

You collected 69 gold pieces.

Inventory:

Hand Weapons
 h - a +0 short sword
 k - a +1 dagger of venom (weapon)
Missiles
 a - 45 arrows
 e - 42 stones (quivered)
Armour
 b - a +0 robe (worn)
Scrolls
 f - a scroll of identify {unknown}
 g - a scroll of remove curse {unknown}
 l - a scroll of fear {unknown}
Potions
 j - a potion of agility {unknown}
Books
 c - a book of Changes

   Spells                             Type                      Level
   a - Beastly Appendage              Transmutation                1
   b - Sticks to Snakes               Transmutation                2
   c - Spider Form                    Transmutation/Poison         3
   d - Ice Form                       Ice/Transmutation            4
   e - Blade Hands                    Transmutation                5
Comestibles
 d - 2 bread rations
 i - a royal jelly


   Skills:
 + Level 1.1 Fighting
 + Level 1.0 Short Blades
 + Level 1.7 Dodging
 + Level 3.3 Unarmed Combat
 + Level 2.1 Spellcasting
 + Level 2.0 Transmutations


You had 4 spell levels left.
You knew the following spells:

 Your Spells              Type           Power        Failure   Level  Hunger
a - Beastly Appendage     Tmut           #.....       12%         1    ##.....


Dungeon Overview and Level Annotations

Branches:
Dungeon (2/15)

Altars:
Gozag


Innate Abilities, Weirdness & Mutations

You cannot wear boots.
Your serpentine skin is tough. (AC +0)
You have supernaturally acute eyesight. (SInv)
Armour fits poorly on your strangely shaped body.
Your system is resistant to poisons. (rPois)
You cover ground very slowly.
You have a slow metabolism.
You can spit poison.
You have a pair of horns on your head.


Message History

Throwing (i - inventory):
e - 43 stones (quivered)
Press: ? - help, Shift-Dir - straight line, f/p - worm
Aim: a worm (lightly wounded)
You throw a stone. The stone barely misses the worm.
You hit the worm but do no damage. The worm barely misses you.
You barely miss the worm.
You aren't carrying any pieces of jewellery.
You aren't carrying any pieces of jewellery.
You hit the worm.
The worm is poisoned.
The worm is lightly wounded.
The worm bites you!
* * * LOW HITPOINT WARNING * * *
Unknown command.
Casting: Beastly Appendage
Confirm with . or Enter, or press ? or * to list all spells.
You miscast Beastly Appendage.
Nothing appears to happen.
Casting: Beastly Appendage
Confirm with . or Enter, or press ? or * to list all spells.
You grow a pair of large bovine horns.
The worm bites you.
You die...

#...#....## ####.....
#.....#### #...(....
#...#....## .........
#..#....#.# #=......#
#.#....#..# #....(..#
##....#...# #.......#
####.....#
#......w#######....#####
#......@.....#.#...#
############.#..#..#
#.#...#.# #.....###
#######


You could see a worm.

Vanquished Creatures
  3 bats (D:1)
  2 giant cockroaches
  A hobgoblin (D:2)
  3 jackals (D:1)
  A frilled lizard (D:1)
  3 goblins
  5 rats
18 creatures vanquished.

Notes
Turn   | Place    | Note
-------+----------+-------------------------------------------
     0 | D:1      | tilp the Naga Transmuter began the quest for the Orb.
     0 | D:1      | Reached XP level 1. HP: 18/18 MP: 3/3
   421 | D:1      | Reached XP level 2. HP: 18/25 MP: 5/5
   962 | D:2      | Found an opulent altar of Gozag.
  1051 | D:2      | Reached skill level 1 in Short Blades
  1061 | D:2      | Slain by a worm

Skill      XL: |  1  2 |
---------------+-------+-----
Short Blades   | 1 |  1.0
Fighting       | |  1.1
Dodging        | |  1.7
Unarmed Combat | |  3.3
Spellcasting   | |  2.1
Transmutations | |  2.0

Action                   || total
-------------------------++-------
Melee: Short sword       ||    46
       Unarmed           ||    11
       Dagger            ||     9
       Headbutt          ||     3
Throw: Stone             ||     3
 Cast: Beastly Appendage ||     3
Armor: Robe              ||    18
Dodge: Dodged            ||    71
